Map: Whirlwind LE

Players

Solar - Winner!

  • Race: Zerg Zerg
  • League: Master
  • Spawn Location: 1:00

Patience

  • Race: Protoss Protoss
  • League: Master
  • Spawn Location: 11:00

VOD

Have the link to the VOD?

Description

Time

  • Played on: Jan. 8, 2017, 8:17 p.m.
  • Length: 13:40
Show
View Real Time Build Order
Export as new Build Order

Solar Zerg - Winner!

Build Orders: Pool First 

Get SALT Encoding   

  12  0:00  Drone  
  13  0:12  Overlord  
  13  0:17  Drone  
  14  0:31  Drone x2  
  16  0:37  Drone  
  17  0:50  Drone  
  17  0:53  Spawning Pool  
  17  0:59  Drone  
  18  1:09  Drone  
  19  1:16  Extractor  
  18  1:29  Hatchery  
  18  1:32  Drone  
  19  1:40  Zergling x2  
  19  1:43  Zergling x2  
  19  1:44  Queen  
  22  1:49  Overlord  
  22  2:07  Drone  
  23  2:14  Drone  
  24  2:16  Metabolic Boost  
  24  2:21  Hatchery  
  23  2:29  Queen  
  25  2:32  Drone  
  25  2:35  Drone  
  27  2:46  Drone x2  
  29  2:55  Zergling x2  
  29  2:56  Drone x3  
  33  2:59  Overlord  
  33  3:04  Drone  
  34  3:09  Queen  
  36  3:18  Zergling x2, Overlord  
  37  3:20  Zergling x2  
  37  3:25  Drone  
  38  3:28  Drone  
  39  3:34  Queen  
  39  3:40  Drone x3  
  44  3:43  Drone, Spore Crawler  
  44  3:44  Drone  
  44  3:48  Drone x2  
  47  3:51  Zergling x4  
  49  3:58  Overlord  
  49  4:02  Drone, Spore Crawler  
  49  4:03  Drone  
  49  4:06  Drone x2  
  52  4:10  Overlord  
  52  4:11  Drone  
  52  4:14  Extractor, Spore Crawler  
  51  4:18  Drone x3  
  51  4:19  Drone  
  51  4:23  Queen  
  57  4:28  Drone x2  
  57  4:30  Drone  
  60  4:32  Drone x2  
  60  4:35  Extractor  
  60  4:36  Roach Warren  
  60  4:39  Zergling x2  
  60  4:40  Overlord  
  60  4:44  Overlord  
  62  4:45  Zergling x2  
  62  4:46  Zergling x2  
  62  4:47  Zergling x2  
  62  4:52  Drone, Overlord  
  65  4:57  Overlord  
  66  5:00  Drone x3  
  66  5:03  Overlord  
  68  5:07  Drone  
  69  5:17  Roach x6  
  69  5:19  Roach  
  82  5:22  Roach x2  
  82  5:24  Roach  
  82  5:27  Roach x2  
  92  5:30  Overlord  
  92  5:35  Zergling x8  
  94  5:39  Ravager x2  
  94  5:42  Ravager, Zergling x2  
  99  5:45  Zergling x6  
  99  5:49  Zergling x6  
  105  5:52  Ravager  
  105  5:55  Overlord  
  105  5:56  Zergling x10  
  111  6:00  Zergling x4  
  111  6:03  Ravager  
  114  6:06  Overlord  
  113  6:12  Zergling x2  
  113  6:14  Zergling x2  
  113  6:15  Zergling x8  
  113  6:16  Ravager  
  120  6:22  Zergling x2  
  120  6:23  Zergling x2  
  120  6:25  Lair  
  120  6:26  Drone x4  
  120  6:27  Drone  
  120  6:28  Drone  
  120  6:29  Drone  
  126  6:34  Drone  
  126  6:36  Drone x2  
  128  6:43  Extractor, Evolution Chamber  
  128  6:44  Drone  
  128  6:46  Extractor  
  126  6:47  Drone x2  
  126  6:48  Baneling Nest  
  124  6:55  Queen  
  124  6:57  Drone x3  
  124  6:58  Drone x7  
  125  7:02  Drone x2  
  127  7:13  Drone  
  128  7:16  Hatchery  
  128  7:17  Zerg Melee Weapons Level 1  
  127  7:23  Overseer  
  127  7:25  Queen  
  127  7:29  Roach x2, Zergling x2  
  129  7:30  Zergling x6  
  129  7:36  Overlord  
  129  7:38  Centrifical Hooks  
  128  7:46  Drone  
  128  7:49  Overlord x3  
  129  7:53  Glial Reconstitution  
  129  7:55  Drone x3  
  129  7:57  Drone  
  129  7:58  Drone  
  134  8:02  Drone x2  
  136  8:06  Overlord  
  136  8:09  Overlord  
  137  8:13  Ravager x2  
  137  8:15  Zergling x8  
  137  8:16  Zergling x4  
  144  8:23  Roach x4  
  144  8:26  Overlord  
  149  8:39  Drone x2, Hatchery  
  149  8:40  Drone  
  149  8:41  Zergling x14  
  149  8:43  Drone  
  149  8:47  Zergling x2  
  149  8:48  Zergling x4  
  157  8:53  Spine Crawler  
  157  8:55  Zergling x8  
  160  8:58  Ravager x2  
  160  8:59  Ravager  
  163  9:02  Baneling  
  163  9:03  Baneling x23  
  163  9:04  Baneling  
  163  9:06  Ravager  
  164  9:12  Zergling x2  
  164  9:13  Zergling x12  
  164  9:15  Baneling x5  
  170  9:19  Baneling  
  170  9:21  Zergling x2  
  170  9:22  Zergling x6  
  167  9:27  Zergling x8  
  167  9:29  Zergling x2  
  157  9:33  Zergling x4  
  157  9:35  Zergling x2  
  157  9:36  Zergling x4  
  150  9:38  Zergling x2  
  150  9:40  Zergling x4  
  145  9:49  Roach x7  
  145  9:51  Overseer  
  138  9:54  Roach x2  
  138  9:57  Zergling x2  
  138  9:58  Zergling x2  
  122  10:05  Overseer  
  122  10:06  Roach x2  
  117  10:11  Zergling x8  
  118  10:14  Zergling x2  
  119  10:22  Ravager  
  119  10:23  Baneling x3  
  119  10:24  Zergling x8  
  124  10:30  Roach x2  
  124  10:31  Roach  
  124  10:32  Zergling x2  
  124  10:35  Zergling x6  
  129  10:43  Zergling x6  
  129  10:47  Zergling x2  
  129  10:48  Zergling x8  
  137  10:52  Baneling x4  
  137  10:53  Baneling  
  137  10:54  Baneling x7  
  137  10:56  Zergling x2  
  137  11:01  Zergling x8  
  137  11:03  Zergling x2  
  137  11:04  Zergling x2  
  141  11:06  Zergling x2  
  141  11:11  Zergling x8  
  117  11:20  Zergling x4  
  111  11:28  Roach x5  
  111  11:30  Roach  
  110  11:35  Roach x2  
  110  11:36  Queen  
  110  11:39  Ravager  
  112  11:40  Ravager  
  112  11:41  Baneling x7  
  112  11:42  Baneling  
  112  11:43  Zergling x2  
  112  11:44  Zergling x2  
  112  11:45  Zergling x2  
  115  11:48  Zergling x2  
  107  11:54  Zergling x2  
  107  11:55  Zergling x6  
  107  11:58  Ravager x2  
  107  11:59  Zergling x2  
  113  12:04  Roach x3  
  116  12:12  Roach  
  116  12:13  Roach x2  
  119  12:20  Roach x3  
  124  12:29  Zergling x2  
  125  12:30  Zergling x6  
  125  12:35  Zergling x6  
  130  12:40  Ravager x2  
  130  12:41  Overseer  
  130  12:43  Zergling x2  
  133  12:45  Baneling x8  
  133  12:48  Zergling x8  
  137  12:52  Zergling x6  
  137  12:55  Overseer  
  140  13:02  Zergling x6  
  141  13:07  Zergling x2  
  141  13:08  Zergling x4  
  138  13:13  Zergling x2  
  138  13:14  Zergling x2  
  138  13:17  Zergling x2  
  121  13:21  Ravager  
  121  13:22  Zergling x4  
  118  13:33  Ravager x2  
Show
View Real Time Build Order
Export as new Build Order

Patience Protoss 

Build Orders: 1 Gate Expand, Oracle Opening, Zealot Archon 

Get SALT Encoding   

  12  0:01  Probe (Chrono Boost)  
  13  0:11  Probe (Chrono Boost)  
  14  0:17  Pylon  
  14  0:22  Probe (Chrono Boost)  
  16  0:35  Probe (Chrono Boost)  
  16  0:38  Gateway  
  16  0:44  Assimilator  
  16  0:47  Probe (Chrono Boost)  
  17  0:56  Pylon  
  17  0:59  Probe (Chrono Boost)  
  18  1:09  Probe (Chrono Boost)  
  19  1:14  Pylon  
  19  1:30  Nexus  
  20  1:32  Probe (Chrono Boost)  
  20  1:42  Cybernetics Core  
  20  1:45  Probe (Chrono Boost)  
  21  1:54  Assimilator  
  21  1:56  Probe (Chrono Boost)  
  22  2:06  Probe (Chrono Boost)  
  23  2:09  Pylon  
  23  2:23  Adept  
  23  2:29  Probe (Chrono Boost)  
  26  2:34  Warp Gate  
  26  2:41  Probe (Chrono Boost)  
  26  2:42  Probe (Chrono Boost)  
  28  2:46  Stargate  
  28  2:49  Adept  
  30  2:53  Probe x2 (Chrono Boost)  
  32  3:03  Probe x2 (Chrono Boost)  
  34  3:14  Probe x2 (Chrono Boost)  
  34  3:18  Adept  
  38  3:22  Gateway  
  38  3:24  Gateway  
  38  3:25  Probe x2 (Chrono Boost)  
  40  3:27  Oracle  
  43  3:35  Probe (Chrono Boost)  
  43  3:37  Pylon, Probe (Chrono Boost)  
  45  3:47  Probe (Chrono Boost)  
  46  3:56  Mothership Core (Chrono Boost)  
  46  3:59  Probe (Chrono Boost)  
  49  4:04  Phoenix  
  49  4:06  Nexus  
  49  4:08  Pylon  
  51  4:13  Pylon  
  51  4:14  Probe (Chrono Boost)  
  51  4:16  Probe (Chrono Boost)  
  53  4:24  Robotics Facility  
  53  4:25  Probe (Chrono Boost)  
  53  4:27  Probe (Chrono Boost)  
  55  4:35  Assimilator  
  55  4:36  Probe (Chrono Boost)  
  55  4:38  Probe (Chrono Boost)  
  57  4:40  Assimilator  
  57  4:43  Twilight Council  
  57  4:44  Forge  
  57  4:47  Probe (Chrono Boost)  
  57  4:48  Probe (Chrono Boost)  
  57  4:52  Pylon  
  59  4:57  Probe (Chrono Boost)  
  59  4:59  Probe (Chrono Boost)  
  61  5:07  Immortal  
  61  5:08  Probe (Chrono Boost)  
  61  5:11  Probe (Chrono Boost)  
  67  5:16  Adept  
  67  5:17  Adept, Resonating Glaives  
  67  5:18  Probe (Chrono Boost)  
  67  5:20  Dark Shrine  
  71  5:21  Protoss Ground Weapons Level 1  
  71  5:22  Adept  
  73  5:29  Pylon  
  72  5:38  Probe (Chrono Boost)  
  72  5:39  Probe (Chrono Boost)  
  72  5:42  Adept x3  
  78  5:48  Warp Prism, Pylon  
  78  5:49  Probe (Chrono Boost)  
  83  5:59  Pylon  
  83  6:02  Pylon  
  83  6:06  Adept x3  
  84  6:20  Probe x2 (Chrono Boost)  
  84  6:22  Pylon  
  84  6:23  Pylon  
  85  6:33  Gateway  
  85  6:36  Gateway  
  85  6:37  Gateway, Dark Templar  
  84  6:42  Dark Templar x2  
  88  6:56  Immortal  
  88  6:58  Archon  
  92  7:03  Nexus  
  92  7:07  Pylon  
  88  7:14  Dark Templar x2  
  88  7:15  Dark Templar  
  94  7:20  Pylon  
  94  7:22  Pylon  
  94  7:28  Probe (Chrono Boost)  
  94  7:29  Probe (Chrono Boost)  
  96  7:30  Robotics Bay  
  96  7:32  Warp Prism  
  90  7:41  Stalker  
  93  7:44  Probe (Chrono Boost)  
  93  7:49  Probe (Chrono Boost)  
  94  7:51  Pylon  
  94  7:52  Sentry  
  94  7:54  Assimilator  
  94  7:56  Probe (Chrono Boost)  
  97  7:59  Assimilator  
  97  8:01  Probe (Chrono Boost)  
  98  8:06  Photon Cannon  
  98  8:08  Probe (Chrono Boost)  
  98  8:09  Pylon  
  98  8:11  Disruptor  
  102  8:22  Probe x2 (Chrono Boost)  
  104  8:31  Gateway  
  104  8:32  Gateway  
  104  8:38  Dark Templar x2  
  104  8:39  Dark Templar  
  104  8:48  Disruptor  
  104  8:50  Photon Cannon  
  104  8:52  Pylon  
  104  8:55  Sentry x2, Adept  
  113  9:01  Probe x2 (Chrono Boost)  
  115  9:04  Pylon  
  115  9:05  Pylon  
  115  9:19  Disruptor, Adept x4  
  115  9:20  Adept  
  125  9:33  Adept  
  106  9:43  Dark Templar x3  
  106  9:44  Dark Templar  
  100  9:49  Probe x2 (Chrono Boost)  
  77  10:02  Stalker x2  
  77  10:03  Stalker x2  
  77  10:05  Probe x2 (Chrono Boost)  
  77  10:06  Probe (Chrono Boost)  
  84  10:12  Archon, Pylon  
  74  10:17  Adept x2  
  74  10:20  Adept  
  80  10:23  Archon, Disruptor  
  81  10:42  Probe (Chrono Boost)  
  80  10:43  Probe x2 (Chrono Boost)  
  80  10:51  Adept  
  80  10:52  Adept  
  80  10:53  Probe (Chrono Boost)  
  80  10:55  Probe (Chrono Boost)  
  86  11:05  Probe (Chrono Boost)  
  86  11:06  Probe (Chrono Boost)  
  88  11:11  Stalker x3  
  88  11:17  Stalker x3  
  97  11:25  Stalker x2  
  93  11:30  Immortal  
  80  11:53  Stalker x3  
  86  11:55  Stalker x2  
  86  11:56  Sentry x2  
  94  12:15  Disruptor  
  94  12:20  Assimilator  
  94  12:22  Dark Templar  
  89  12:37  Adept x2  
  89  12:38  Pylon, Adept x4  
  89  12:44  Dark Templar  
  103  12:50  Disruptor  
  106  13:09  Dark Templar x2  
  110  13:17  Dark Templar  
  74  13:21  Dark Templar  
Tags
 
Add a new tag
Caveats
  • Supply blocks, unpowered buildings, or Contaminate may cause inaccurate times.
  • Supply counts are checked every 10 seconds.